 Dungeon Crawl Stone Soup version 0.21.0-37-g46506fa (webtiles) character file.

26110 troglodite the Protected (level 12, 0/101 (102) HPs)
             Began as a Demonspawn Berserker on Jan 30, 2018.
             Was the Champion of Trog.
             Slain by an orc warrior
             ... wielding a +2 scimitar of holy wrath
              (27 damage)
             ... on level 2 of the Orcish Mines on Jan 31, 2018.
             The game lasted 00:54:15 (14332 turns).

troglodite the Protected (Demonspawn Berserker)    Turns: 14332, Time: 00:54:17

HP:   0/101 (102)   AC: 27    Str: 20    XL:     12   Next: 95%
MP:   0/12          EV:  9    Int:  8    God:    Trog [******]
Gold: 1377          SH:  8    Dex: 16    Spells: 11/11 levels left

rFire    . . .     SeeInvis .   z - +10 long sword "Viacusch" {venom, rElec}
rCold    + . .     Gourm    .   p - +1 buckler
rNeg     . . .     Faith    .   I - +4 chain mail
rPois    .         Spirit   +   H - +1 helmet
rElec    +         Reflect  .   G - +0 cloak
rCorr    .         Harm     .   C - +2 pair of gloves
MR       .....                  (boots unavailable)
Stlth    ..........             (no amulet)
HPRegen  0.26/turn              L - ring of protection from fire
MPRegen  0.26/turn              x - ring of ice

@: drained
A: hooves 3, slimy green scales 2, nightstalker 1, magic shield, magic
regeneration, magic link
a: Berserk, Trog's Hand, Brothers in Arms, Burn Spellbooks, Renounce Religion


You were on level 2 of the Orcish Mines.
You worshipped Trog.
Trog was exalted by your worship.
You were not hungry.

You visited 2 branches of the dungeon, and saw 13 of its levels.
You also visited: Sewer.

You collected 1377 gold pieces.

Inventory:

Hand Weapons
 e - a +3 falchion of slicing
 z - the +10 long sword "Viacusch" (weapon) {venom, rElec}
   (You found it on level 7 of the Dungeon)

   It poisons the flesh of those it strikes.
   It insulates you from electricity.
 M - the +7 hunting sling of Skirmishing {freeze, rN+++ MR- Int+6 Dex-5}
   (Trog gifted it to you on level 11 of the Dungeon)

   It causes projectiles fired from it to freeze those they strike, causing
   extra injury to most foes and up to half again as much damage against
   particularly susceptible opponents.
   They can also slow down cold-blooded creatures.
   It affects your intelligence (+6).
   It affects your dexterity (-5).
   It renders you almost immune to negative energy.
   It affects your resistance to hostile enchantments.
Missiles
 N - 20 sling bullets
 O - 73 stones (quivered)
Armour
 p - a +1 buckler (worn)
 C - a +2 pair of gloves (worn)
 G - a +0 cloak (worn)
 H - a +1 helmet (worn)
 I - a +4 chain mail (worn)
Jewellery
 x - a ring of ice (right hand)
 D - an uncursed ring of fire
 L - a ring of protection from fire (left hand)
Wands
 a - a wand of flame (61)
 i - a wand of polymorph (48)
 v - a wand of iceblast (7)
 w - a wand of acid (12)
 P - a wand of paralysis (23)
Scrolls
 b - 5 scrolls of blinking
 d - 6 scrolls of fog
 f - 3 scrolls of immolation
 g - 3 scrolls of remove curse
 h - 5 scrolls of identify
 l - 8 scrolls of teleportation
 s - 3 scrolls of magic mapping
 u - 2 scrolls of fear
 y - a scroll of enchant weapon
Potions
 j - 5 potions of resistance
 k - a potion of lignification
 m - 3 potions of invisibility
 n - 7 potions of flight
 o - a potion of haste
 q - 5 potions of might
 r - 2 potions of heal wounds
 t - 6 potions of curing
 A - 2 potions of mutation
 F - 2 potions of agility
 K - a potion of brilliance
 Q - a potion of berserk rage
Comestibles
 c - 26 rations
 B - 4 chunks of flesh


   Skills:
 * Level 12.3(12.2) Fighting
 - Level 2.6 Long Blades
   Level 5.1 Maces & Flails
 * Level 13.0(12.9) Armour
 - Level 1.7(1.6) Dodging
 + Level 0.2(0.1) Stealth
 * Level 9.4(9.3) Shields


You had 11 spell levels left.
You didn't know any spells.

Dungeon Overview and Level Annotations

Branches:
Dungeon (11/15)            Temple (0/1) D:6            Lair (0/6) D:8
    Orc (2/2) D:11
    Elf: Orc:2

Altars:
Cheibriados
Dithmenos
Elyvilon
Fedhas
Hepliaklqana
Makhleb
Ru
Uskayaw
Vehumet
Wu Jian
Xom
Zin
The Shining One
Beogh

Shops:
D:7 (   D:8 *   D:10 (   D:11 (

Annotations:
D:5 2 transporters


Innate Abilities, Weirdness & Mutations

You have hooves in place of feet.
You are mostly covered in slimy green scales. (AC +3)
You are slightly more attuned to the shadows.
When hurt, damage is shared between your health and your magic reserves.
You regenerate magic rapidly.
When low on magic, you restore magic in place of health.


Message History

You closely miss the orc warrior.
The orc warrior hits you with a scimitar of holy wrath!
You convulse!
You slash the orc warrior!
The orc warrior is poisoned.
The orc warrior is heavily wounded.
You block the orc warrior's attack.
You hit the orc warrior but do no damage.
The orc warrior is severely wounded.
You block the orc warrior's attack.
You closely miss the orc warrior. Your kick misses the orc warrior.
The orc warrior is severely wounded.
The orc warrior hits you but does no damage.
You hit the orc warrior.
The orc warrior looks as sick as possible!
Your kick misses the orc warrior.
The orc warrior is severely wounded.
The orc warrior hits you with a scimitar of holy wrath!!
* * * LOW HITPOINT WARNING * * *
You convulse!!
You die...

##....#..##...))...###
####...###...<......#
##.###............ ###
#............
#............ ##
...##......... ##.$
### #######...
.....##### #.....#.).
....Oo@'.# #.....#.((
.....###.# #..⌠..).).
##.$ #.#####.....#...
## #.#...#.....#..#
#.#...###'######
#.'._)'(........
###..)#.##+###+#
#...#.# ##+##.#


You could see an orc warrior and an ogre.

Vanquished Creatures
  Josephine (Orc:2)
  6 two-headed ogres
  The ghost of p0werm0de the Grappler, a novice VSCK of Cheibriados (Orc:1)
  A deep elf mage (D:10)
  4 orc knights
  An orc sorcerer (Orc:2)
  2 cyclopes
  Joseph (D:9)
  3 centaur skeletons (D:10)
  5 trolls
  6 hippogriffs
  A shadow (D:10)
  A wraith (Orc:2)
  5 wyverns
  A vampire (D:11)
  6 yaks
  A hungry ghost (D:11)
  3 wargs
  Edmund (D:5)
  29 orc warriors
  3 ice beasts
  3 sky beasts
  3 black bears
  A phantom (D:7)
  An eye of draining (D:9)
  3 necrophages
  15 ogres
  A centaur (D:7)
  3 bullfrogs
  9 big kobolds
  A wyvern skeleton (D:7)
  A scorpion (D:6)
  A water moccasin skeleton (D:7)
  A killer bee (D:9)
  8 wights
  A howler monkey (D:5)
  3 crimson imps (D:10)
  2 bullfrog zombies
  4 jellies
  20 orc priests
  7 hounds
  A bullfrog skeleton (D:5)
  3 iguanas
  19 orc wizards
  7 worker ants
  A hound skeleton (D:6)
  A howler monkey zombie (D:7)
  2 worker ant zombies
  A howler monkey skeleton (D:4)
  10 adders
  2 river rats (Sewer)
  3 shadow imps
  6 oozes
  5 worms
  A dart slug (D:1)
  5 leopard geckos
  108 orcs
  9 giant cockroaches
  12 goblins
  5 hobgoblins
  8 jackals
  17 kobolds
  7 quokkas
  7 ball pythons
  6 bats
  5 frilled lizards
  A quokka zombie (D:10)
  6 rats
428 creatures vanquished.

Vanquished Creatures (collateral kills)
  A stone giant (Orc:1)
  2 orc knights (Orc:1)
  An orc sorcerer (Orc:1)
  A manticore (D:11)
  A centaur zombie (D:11)
  A centaur skeleton (D:11)
  3 wraiths (Orc:2)
  4 yaks (D:9)
  8 orc warriors
  A necrophage (D:11)
  A bullfrog (D:9)
  2 killer bees (D:9)
  7 wights (D:9)
  A quasit (D:9)
  An orc priest (D:6)
  4 orc wizards
  A bullfrog skeleton (D:6)
  14 orcs
  2 jackals (D:11)
56 creatures vanquished.

Vanquished Creatures (others)
  An orc (Orc:2)
1 creature vanquished.

Grand Total: 485 creatures vanquished

Notes
Turn   | Place    | Note
-------+----------+-------------------------------------------
     0 | D:1      | troglodite the Demonspawn Berserker began the quest for the Orb.
     0 | D:1      | Reached XP level 1. HP: 18/18 MP: 1/1
   115 | D:1      | Reached skill level 2 in Armour
   115 | D:1      | Gained mutation: When hurt, damage is shared between your health and your magic reserves. [demonic ancestry]
   115 | D:1      | Reached XP level 2. HP: 23/24 MP: 2/2
   688 | D:2      | Reached ** piety under Trog
   688 | D:2      | Gained mutation: You have large cloven feet. [demonic ancestry]
   688 | D:2      | Reached XP level 3. HP: 30/30 MP: 3/3
   728 | D:2      | Found a glowing golden altar of the Shining One.
   901 | D:2      | Found a faded altar of an unknown god.
  1608 | D:3      | Gained mutation: You are partially covered in slimy green scales. (AC +2) [demonic ancestry]
  1608 | D:3      | Reached XP level 4. HP: 28/38 MP: 1/4
  1806 | D:3      | Found a white marble altar of Elyvilon.
  1840 | D:3      | Reached skill level 3 in Armour
  1840 | D:3      | Gained mutation: You regenerate magic rapidly. [demonic ancestry]
  1840 | D:3      | Reached XP level 5. HP: 39/43 MP: 5/5
  1851 | D:3      | Reached *** piety under Trog
  2291 | D:4      | Reached skill level 1 in Shields
  2344 | D:4      | Found a shimmering altar of Xom.
  2346 | D:4      | Found a hazy altar of Hepliaklqana.
  2346 | D:4      | Noticed a hell beast
  2348 | D:4      | Noticed a hell beast
  2348 | D:4      | Noticed a spectral ugly thing
  2494 | D:4      | Reached skill level 1 in Maces & Flails
  2789 | D:5      | Entered Level 5 of the Dungeon
  2828 | D:5      | Found a transporter.
  2857 | D:5      | Reached skill level 5 in Fighting
  2858 | D:5      | Gained mutation: You have hoof-like feet. [demonic ancestry]
  2858 | D:5      | Reached XP level 6. HP: 51/51 MP: 6/6
  2920 | D:5      | Noticed Edmund
  2952 | D:5      | Killed Edmund
  2952 | D:5      | Reached skill level 4 in Armour
  2998 | D:5      | Found a glowing drain.
  3055 | Sewer    | Entered a sewer
  3283 | Sewer    | Gained mutation: You are mostly covered in slimy green scales. (AC +3) [demonic ancestry]
  3283 | Sewer    | Reached XP level 7. HP: 55/56 MP: 7/7
  3360 | Sewer    | Reached **** piety under Trog
  3856 | D:5      | Reached XP level 8. HP: 55/64 MP: 6/8
  3893 | D:5      | Found a blossoming altar of Fedhas.
  3921 | D:5      | Found an ornate altar of the Wu Jian Council.
  3958 | D:5      | Found a sacrificial altar of Ru.
  3981 | D:5      | Reached skill level 5 in Armour
  4087 | D:5      | Found a transporter.
  4759 | D:6      | Reached skill level 5 in Maces & Flails
  4845 | D:6      | Found a radiant altar of Vehumet.
  4866 | D:6      | Found a radiant altar of Vehumet.
  5229 | D:6      | Reached skill level 6 in Armour
  5502 | D:6      | Found a staircase to the Ecumenical Temple.
  5597 | D:7      | Gained mutation: When low on magic, you restore magic in place of health. [demonic ancestry]
  5597 | D:7      | Reached XP level 9. HP: 71/71 MP: 9/9
  5680 | D:7      | Found Seas's Antique Weapon Shop.
  6021 | D:7      | Found a glowing silver altar of Zin.
  6198 | D:7      | Got a crystal long sword
  6199 | D:7      | Identified the +10 long sword "Viacusch" {venom, rElec} (You found it on level 7 of the Dungeon)
  6206 | D:7      | Reached skill level 7 in Armour
  6443 | D:7      | Reached ***** piety under Trog
  6547 | D:7      | Found a burning altar of Makhleb.
  6549 | D:7      | Found a hide-covered altar of Uskayaw.
  6560 | D:7      | Found a shadowy altar of Dithmenos.
  7154 | D:8      | Noticed a two-headed ogre
  7162 | D:8      | Reached skill level 8 in Armour
  7166 | D:8      | Killed a two-headed ogre
  7166 | D:8      | Reached skill level 5 in Shields
  7166 | D:8      | Reached XP level 10. HP: 71/79 MP: 6/10
  7333 | D:8      | Found Efecirgh's Assorted Antiques.
  7693 | D:8      | Reached skill level 9 in Armour
  7745 | D:8      | Found a staircase to the Lair.
  7981 | D:9      | Noticed Joseph
  7995 | D:9      | Killed Joseph
  8020 | D:9      | Noticed a two-headed ogre
  8283 | D:9      | Killed a two-headed ogre
  8283 | D:9      | Reached skill level 10 in Armour
  8414 | D:9      | Found a snail-covered altar of Cheibriados.
  8544 | D:9      | Gained mutation: You have hooves in place of feet. [demonic ancestry]
  8544 | D:9      | Reached XP level 11. HP: 84/88 MP: 11/11
  8663 | D:10     | Entered Level 10 of the Dungeon
  9008 | D:10     | Reached skill level 10 in Fighting
  9137 | D:10     | Noticed a deep elf mage
  9140 | D:10     | Killed a deep elf mage
  9155 | D:10     | Reached ****** piety under Trog
  9375 | D:10     | Noticed a two-headed ogre
  9385 | D:10     | Killed a two-headed ogre
  9633 | D:10     | Reached skill level 11 in Armour
  9746 | D:10     | Found Weakhypn's Antique Weapon Shoppe.
 10129 | D:11     | Noticed a two-headed ogre
 10135 | D:11     | Killed a two-headed ogre
 10135 | D:11     | Received a gift from Trog
 10138 | D:11     | Got a blackened hunting sling {god gift}
 10139 | D:11     | Identified the +7 hunting sling of Skirmishing {freeze, rN+++ MR- Int+6 Dex-5} (Trog gifted it to you on level 11 of the Dungeon)
 10405 | D:11     | Found Vuqolong's Weapon Boutique.
 10405 | D:11     | Found a staircase to the Orcish Mines.
 11223 | D:11     | Gained mutation: You are slightly more attuned to the shadows. [demonic ancestry]
 11223 | D:11     | Reached XP level 12. HP: 88/99 MP: 10/12
 11498 | Orc:1    | Entered Level 1 of the Orcish Mines
 11504 | Orc:1    | Noticed p0werm0de's ghost (novice VSCK)
 11510 | Orc:1    | Killed p0werm0de's ghost
 11794 | Orc:1    | Reached skill level 12 in Armour
 11813 | Orc:1    | Noticed a stone giant
 11820 | Orc:1    | Killed a stone giant
 12244 | Orc:1    | Received a gift from Trog
 12992 | Orc:1    | Found a roughly hewn altar of Beogh.
 13227 | Orc:2    | Entered Level 2 of the Orcish Mines
 13229 | Orc:2    | Noticed a two-headed ogre
 13240 | Orc:2    | Killed a two-headed ogre
 13599 | Orc:2    | Noticed a two-headed ogre
 13607 | Orc:2    | Killed a two-headed ogre
 13854 | Orc:1    | Received a gift from Trog
 14080 | Orc:2    | Noticed Josephine
 14091 | Orc:2    | Killed Josephine
 14167 | Orc:2    | Found a roughly hewn altar of Beogh.
 14314 | Orc:2    | Reached skill level 13 in Armour
 14332 | Orc:2    | Slain by an orc warrior

Skill      XL: |  1  2  3  4  5  6  7  8  9 10 11 12 |
---------------+-------------------------------------+-----
Armour         | 2 3 4 6 8 10 11 13 | 13.0
Fighting       | 4 5 6 8 9 11 12 | 12.3
Shields        | 1 2 4 5 6 8 9 |  9.4
Maces & Flails | 1 2 4 5 |  5.1
Long Blades    | |  2.6
Dodging        | |  1.7
Stealth        | |  0.2

Action                   |  1- 3 |  4- 6 |  7- 9 | 10-12 || total
-------------------------+-------+-------+-------+-------++-------
Melee: Falchion          |    68 |       |    92 |       ||   160
       Whip              |    38 |     7 |       |       ||    45
       Kick              |    13 |    52 |    91 |   255 ||   411
       Mace              |       |   103 |       |       ||   103
       Flail             |       |    51 |   139 |       ||   190
       Long sword        |       |       |    62 |   619 ||   681
Invok: Berserk           |     1 |     2 |     6 |    10 ||    19
       Brothers in Arms  |       |       |     1 |     5 ||     6
  Use: Scroll            |       |    14 |     6 |    11 ||    31
  Eat: Chunk             |     2 |     8 |    12 |    34 ||    56
       Ration            |       |       |     2 |     1 ||     3
Armor: Ring mail         |    28 |    77 |    45 |       ||   150
       Chain mail        |       |       |   101 |   138 ||   239
       Plate armour      |       |       |       |   289 ||   289
Dodge: Dodged            |    79 |   101 |   135 |   223 ||   538
Block: Buckler           |     6 |    44 |    61 |   220 ||   331
       Rpst.: Falchion   |    15 |       |    13 |       ||    28
       Long sword        |       |       |     5 |    67 ||    72
